TOP OF THE 1ST |
Mercer Island Screaming Eagles batting - Pitching for Richland Rails : RHP Víctor García
|
Pitching: RHP Víctor García
|
|
Batting: LHB Mike Russell
|
0-0: Called Strike 0-1: Called Strike 0-2: Strikes out swinging
|
Batting: RHB Luis Rodríguez
|
0-0: Ball 1-0: Foul Ball, location: 2F 1-1: Ball 2-1: Fly out, F6 (Popup, 6D)
|
Batting: RHB Luis Antonio Hernández
|
0-0: Ground out 6-3 (Groundball, 6)
|
Top of the 1st over - 0 run(s), 0 hit(s), 0 error(s), 0 left on base; Mercer Island 0 - Richland 0 |
BOTTOM OF THE 1ST |
Richland Rails batting - Pitching for Mercer Island Screaming Eagles : LHP Miguel Mora
|
Pitching: LHP Miguel Mora
|
|
Batting: RHB Tiaki Kunani
|
0-0: Ground out 6-3 (Groundball, 6)
|
Batting: RHB Jack Davis
|
0-0: Foul Ball, location: 2F 0-1: Ground out 6-3 (Groundball, 6M)
|
Batting: RHB Miguel Vidro
|
0-0: Called Strike 0-1: SOLO HOME RUN (Flyball, 78XD), Distance : 371 ft
|
Batting: RHB Gustavo Berrios
|
0-0: Called Strike 0-1: Fly out, F8 (Flyball, 8RM)
|
Bottom of the 1st over - 1 run(s), 1 hit(s), 0 error(s), 0 left on base; Mercer Island 0 - Richland 1 |
TOP OF THE 2ND |
Mercer Island Screaming Eagles batting - Pitching for Richland Rails : RHP Víctor García
|
Batting: LHB Nelson Plasenia
|
0-0: Ball 1-0: Fly out, F7 (Flyball, 7LS)
|
Batting: LHB Gustavo Cortéz
|
0-0: Ground out U3 (Groundball, 3L)
|
Batting: LHB Gregg Young
|
0-0: Called Strike 0-1: Foul Ball, location: 2F 0-2: Strikes out swinging
|
Top of the 2nd over - 0 run(s), 0 hit(s), 0 error(s), 0 left on base; Mercer Island 0 - Richland 1 |
BOTTOM OF THE 2ND |
Richland Rails batting - Pitching for Mercer Island Screaming Eagles : LHP Miguel Mora
|
Batting: RHB Alexis Smeddon
|
0-0: Ball 1-0: Ball 2-0: Ball 3-0: Base on Balls
|
Batting: RHB José Herrera
|
0-0: Ball 1-0: Foul Ball, location: 2F 1-1: Ball 2-1: Foul Ball, location: 2F 2-2: Ground out 5-3 (Groundball, 5S) Alexis Smeddon to second
|
Batting: RHB Andrew Hall
|
0-0: Ball 1-0: Foul Ball, location: 2F 1-1: Ball 2-1: Ball 3-1: Base on Balls
|
Batting: LHB Valentín Salas
|
0-0: Ball Wild Pitch! Alexis Smeddon to third Andrew Hall to second 1-0: Ball 2-0: Called Strike 2-1: Swinging Strike 2-2: Fly out, F7 (Flyball, 7S) Runner from 3rd tags up, SCORES, throw made
|
Batting: RHB Juan Martínez
|
0-0: Ball 1-0: Called Strike 1-1: Swinging Strike 1-2: Ball 2-2: Strikes out swinging
|
Bottom of the 2nd over - 1 run(s), 0 hit(s), 0 error(s), 1 left on base; Mercer Island 0 - Richland 2 |
TOP OF THE 3RD |
Mercer Island Screaming Eagles batting - Pitching for Richland Rails : RHP Víctor García
|
Batting: RHB Joe Craig
|
0-0: Called Strike 0-1: Ball 1-1: Swinging Strike 1-2: Strikes out swinging
|
Batting: RHB Luis Jiménez
|
0-0: Called Strike 0-1: Ball 1-1: Ball 2-1: Ball 3-1: Foul Ball, location: 2F 3-2: Strikes out swinging
|
Batting: SHB Stephen Yates
|
0-0: Foul Ball, location: 2F 0-1: Foul Ball, location: 2F 0-2: Ground out 4-3 (Groundball, 4)
|
Top of the 3rd over - 0 run(s), 0 hit(s), 0 error(s), 0 left on base; Mercer Island 0 - Richland 2 |
BOTTOM OF THE 3RD |
Richland Rails batting - Pitching for Mercer Island Screaming Eagles : LHP Miguel Mora
|
Batting: RHB Tiaki Kunani
|
0-0: Ball 1-0: SINGLE (Line Drive, 6MD)
|
Batting: RHB Jack Davis
|
0-0: Ball Tiaki Kunani is caught stealing 2nd base 1-0: Ball 2-0: SOLO HOME RUN (Flyball, 7D), Distance : 372 ft
|
Batting: RHB Miguel Vidro
|
0-0: Swinging Strike 0-1: Ball 1-1: Ball 2-1: Ball 3-1: Swinging Strike 3-2: SINGLE (Groundball, 56D)
|
Batting: RHB Gustavo Berrios
|
0-0: Called Strike 0-1: Swinging Strike 0-2: Strikes out looking
|
Batting: RHB Alexis Smeddon
|
0-0: Foul Ball, location: 2F 0-1: Foul Ball, location: 2F 0-2: Foul Ball, location: 2F 0-2: Strikes out swinging
|
Bottom of the 3rd over - 1 run(s), 3 hit(s), 0 error(s), 1 left on base; Mercer Island 0 - Richland 3 |
TOP OF THE 4TH |
Mercer Island Screaming Eagles batting - Pitching for Richland Rails : RHP Víctor García
|
Batting: LHB Mike Russell
|
0-0: Ground out 1-3 (Groundball, 25)
|
Batting: RHB Luis Rodríguez
|
0-0: Ball 1-0: Ball 2-0: Called Strike 2-1: Swinging Strike 2-2: Foul Ball, location: 2F 2-2: Ball 3-2: Fly out, F8 (Flyball, 8RXD)
|
Batting: RHB Luis Antonio Hernández
|
0-0: Ball 1-0: Called Strike 1-1: Ball 2-1: Swinging Strike 2-2: Ball 3-2: Base on Balls
|
Batting: LHB Nelson Plasenia
|
0-0: Called Strike 0-1: SINGLE (Line Drive, 9S) Luis Antonio Hernández to second
|
Batting: LHB Gustavo Cortéz
|
0-0: DOUBLE (Flyball, 78M) Luis Antonio Hernández scores Nelson Plasenia to third
|
Batting: LHB Gregg Young
|
0-0: Ball 1-0: Called Strike 1-1: Foul Ball, location: 2F 1-2: Foul Ball, location: 2F 1-2: Ball 2-2: Fly out, F9 (Flyball, 9M)
|
Top of the 4th over - 1 run(s), 2 hit(s), 0 error(s), 2 left on base; Mercer Island 1 - Richland 3 |
BOTTOM OF THE 4TH |
Richland Rails batting - Pitching for Mercer Island Screaming Eagles : LHP Miguel Mora
|
Batting: RHB José Herrera
|
0-0: Ball 1-0: Foul Ball, location: 2F 1-1: Called Strike 1-2: Strikes out swinging
|
Batting: RHB Andrew Hall
|
0-0: Called Strike 0-1: Fly out, F7 (Line Drive, 7S)
|
Batting: LHB Valentín Salas
|
0-0: Ball 1-0: Fly out, F4 (Popup, 4MD)
|
Bottom of the 4th over - 0 run(s), 0 hit(s), 0 error(s), 0 left on base; Mercer Island 1 - Richland 3 |
TOP OF THE 5TH |
Mercer Island Screaming Eagles batting - Pitching for Richland Rails : RHP Víctor García
|
Batting: RHB Joe Craig
|
0-0: Ball 1-0: Foul Ball, location: 2F 1-1: Swinging Strike 1-2: Foul Ball, location: 2F 1-2: Ball 2-2: Foul Ball, location: 2F 2-2: Ball 3-2: Foul Ball, location: 2F 3-2: Base on Balls
|
Batting: RHB Luis Jiménez
|
0-0: Sac Bunt - play at first, batter OUT! 5-4 Joe Craig to second
|
Batting: SHB Stephen Yates
|
0-0: Called Strike 0-1: SINGLE (Groundball, 34D) Joe Craig to third Runner from 3rd tries for Home, SAFE, no throw or cutoff
|
Batting: LHB Mike Russell
|
0-0: Called Strike 0-1: Ball 1-1: Ball 2-1: Ball 3-1: Called Strike 3-2: Foul Ball, location: 2F 3-2: Strikes out swinging
|
Batting: RHB Luis Rodríguez
|
0-0: Ball 1-0: Foul Ball, location: 2F 1-1: Foul Ball, location: 2F 1-2: Foul Ball, location: 2F 1-2: Strikes out swinging
|
Top of the 5th over - 1 run(s), 1 hit(s), 0 error(s), 1 left on base; Mercer Island 2 - Richland 3 |
BOTTOM OF THE 5TH |
Richland Rails batting - Pitching for Mercer Island Screaming Eagles : LHP Miguel Mora
|
Batting: RHB Juan Martínez
|
0-0: Ball 1-0: Called Strike 1-1: Called Strike 1-2: Foul Ball, location: 2F 1-2: Strikes out swinging, 2-3 out at first.
|
Batting: RHB Tiaki Kunani
|
0-0: Called Strike 0-1: Ball 1-1: Ball 2-1: SINGLE (Groundball, 56)
|
Batting: RHB Jack Davis
|
0-0: Swinging Strike 0-1: Ball 1-1: Called Strike 1-2: SINGLE (Groundball, 56D) Tiaki Kunani to second
|
Batting: RHB Miguel Vidro
|
0-0: Called Strike 0-1: Ball 1-1: Swinging Strike 1-2: Strikes out swinging
|
Batting: RHB Gustavo Berrios
|
0-0: Ball 1-0: Ball 2-0: Foul Ball, location: 2F 2-1: Ball 3-1: Base on Balls Tiaki Kunani to third Jack Davis to second
|
Batting: RHB Alexis Smeddon
|
0-0: Called Strike 0-1: Swinging Strike 0-2: Ball 1-2: Ball 2-2: Strikes out swinging
|
Bottom of the 5th over - 0 run(s), 2 hit(s), 0 error(s), 3 left on base; Mercer Island 2 - Richland 3 |
TOP OF THE 6TH |
Mercer Island Screaming Eagles batting - Pitching for Richland Rails : RHP Víctor García
|
Batting: RHB Luis Antonio Hernández
|
0-0: Called Strike 0-1: Called Strike 0-2: Ball 1-2: DOUBLE (Flyball, 78M)
|
Batting: LHB Nelson Plasenia
|
0-0: Ball 1-0: Called Strike 1-1: Ball 2-1: Foul Ball, location: 2F 2-2: Ball 3-2: Base on Balls
|
Batting: LHB Gustavo Cortéz
|
0-0: Swinging Strike 0-1: Called Strike 0-2: Strikes out swinging
|
Batting: LHB Gregg Young
|
0-0: Ball 1-0: Ball 2-0: Ball 3-0: Base on Balls Luis Antonio Hernández to third Nelson Plasenia to second
|
Batting: RHB Joe Craig
|
0-0: Called Strike 0-1: Foul Ball, location: 2F 0-2: Foul Ball, location: 2F 0-2: Foul Ball, location: 2F 0-2: Ball 1-2: SINGLE (Groundball, 34S) (infield hit) Luis Antonio Hernández scores Nelson Plasenia to third Gregg Young to second
|
Pitching: RHP John Weber
|
|
Batting: RHB Luis Jiménez
|
0-0: Ball 1-0: Swinging Strike 1-1: Called Strike 1-2: Strikes out swinging
|
Batting: SHB Stephen Yates
|
0-0: Ball 1-0: Ball 2-0: Ball 3-0: Called Strike 3-1: Base on Balls Nelson Plasenia scores Gregg Young to third Joe Craig to second
|
Batting: LHB Mike Russell
|
0-0: Called Strike 0-1: Called Strike 0-2: Ball 1-2: Ball 2-2: Ball 3-2: Strikes out swinging
|
Top of the 6th over - 2 run(s), 2 hit(s), 0 error(s), 3 left on base; Mercer Island 4 - Richland 3 |
BOTTOM OF THE 6TH |
Richland Rails batting - Pitching for Mercer Island Screaming Eagles : LHP Miguel Mora
|
Batting: RHB José Herrera
|
0-0: Called Strike 0-1: Ball 1-1: Ball 2-1: Foul Ball, location: 2F 2-2: Foul Ball, location: 2F 2-2: Fly out, F7 (Flyball, 7D)
|
Batting: RHB Andrew Hall
|
0-0: Ball 1-0: Ball 2-0: Ball 3-0: Called Strike 3-1: Foul Ball, location: 2F 3-2: Fly out, F2 (Popup, 2RF)
|
Batting: LHB Valentín Salas
|
0-0: Swinging Strike 0-1: Swinging Strike 0-2: Strikes out looking
|
Bottom of the 6th over - 0 run(s), 0 hit(s), 0 error(s), 0 left on base; Mercer Island 4 - Richland 3 |
TOP OF THE 7TH |
Mercer Island Screaming Eagles batting - Pitching for Richland Rails : RHP John Weber
|
Batting: RHB Luis Rodríguez
|
0-0: Ball 1-0: Ground out 5-3 (Groundball, 56)
|
Batting: RHB Luis Antonio Hernández
|
0-0: Swinging Strike 0-1: Foul Ball, location: 2F 0-2: Strikes out looking
|
Batting: LHB Nelson Plasenia
|
0-0: Called Strike 0-1: Ball 1-1: Ball 2-1: Ball 3-1: Ground out 4-3 (Groundball, 4)
|
Top of the 7th over - 0 run(s), 0 hit(s), 0 error(s), 0 left on base; Mercer Island 4 - Richland 3 |
BOTTOM OF THE 7TH |
Richland Rails batting - Pitching for Mercer Island Screaming Eagles : LHP Miguel Mora
|
Pitching: RHP Fernando Reyna
|
|
Batting: RHB Juan Martínez
|
0-0: Ball 1-0: Called Strike 1-1: Ball 2-1: Foul Ball, location: 2F 2-2: Foul Ball, location: 2F 2-2: Ball 3-2: Fly out, F9 (Flyball, 9S)
|
Batting: RHB Tiaki Kunani
|
0-0: Ball 1-0: Ball 2-0: Called Strike 2-1: Fly out, F4 (Popup, 4D)
|
Batting: RHB Jack Davis
|
0-0: Called Strike 0-1: Ball 1-1: Called Strike 1-2: Ball 2-2: Ball 3-2: Foul Ball, location: 2F 3-2: Strikes out swinging
|
Bottom of the 7th over - 0 run(s), 0 hit(s), 0 error(s), 0 left on base; Mercer Island 4 - Richland 3 |
TOP OF THE 8TH |
Mercer Island Screaming Eagles batting - Pitching for Richland Rails : RHP John Weber
|
Batting: LHB Gustavo Cortéz
|
0-0: Called Strike 0-1: SINGLE (Flyball, 9S)
|
Batting: LHB Gregg Young
|
0-0: Ball 1-0: Ball 2-0: Bunted foul 2-1: Bunted foul 2-2: Foul Ball, location: 2F 2-2: Strikes out swinging
|
Pitching: RHP Juan Martínez
|
|
Pinch Hitting: LHB Tom Smith
|
0-0: Called Strike 0-1: Ball 1-1: Ball 2-1: Swinging Strike 2-2: Strikes out swinging
|
Batting: RHB Luis Jiménez
|
0-0: Foul Ball, location: 2F 0-1: Called Strike 0-2: Foul Ball, location: 2F 0-2: Foul Ball, location: 2F 0-2: Fly out, F7 (Flyball, 78XD)
|
Top of the 8th over - 0 run(s), 1 hit(s), 0 error(s), 1 left on base; Mercer Island 4 - Richland 3 |
BOTTOM OF THE 8TH |
Richland Rails batting - Pitching for Mercer Island Screaming Eagles : RHP Fernando Reyna
|
Pitching: RHP José Contreras
|
|
Now at 2B: P.J. O'Keefe
|
|
Batting: RHB Miguel Vidro
|
0-0: Ball 1-0: Ground out 3-1 (Groundball, 34S)
|
Batting: RHB Gustavo Berrios
|
0-0: Ball 1-0: Ball 2-0: Swinging Strike 2-1: Foul Ball, location: 2F 2-2: Ball 3-2: Strikes out swinging
|
Batting: RHB Alexis Smeddon
|
0-0: Ground out 6-3 (Groundball, 56)
|
Bottom of the 8th over - 0 run(s), 0 hit(s), 0 error(s), 0 left on base; Mercer Island 4 - Richland 3 |
TOP OF THE 9TH |
Mercer Island Screaming Eagles batting - Pitching for Richland Rails : RHP Juan Martínez
|
Pitching: RHP Powell Horne
|
|
Batting: SHB Stephen Yates
|
0-0: Ball 1-0: Foul Ball, location: 2F 1-1: Swinging Strike 1-2: Foul Ball, location: 2F 1-2: Foul Ball, location: 2F 1-2: Fly out, F7 (Flyball, 7M)
|
Batting: LHB Mike Russell
|
0-0: Ball 1-0: Called Strike 1-1: Ball 2-1: Called Strike 2-2: Foul Ball, location: 2F 2-2: Fly out, F8 (Flyball, 89M)
|
Batting: RHB Luis Rodríguez
|
0-0: Ball 1-0: Swinging Strike 1-1: Foul Ball, location: 2F 1-2: Strikes out looking
|
Top of the 9th over - 0 run(s), 0 hit(s), 0 error(s), 0 left on base; Mercer Island 4 - Richland 3 |
BOTTOM OF THE 9TH |
Richland Rails batting - Pitching for Mercer Island Screaming Eagles : RHP José Contreras
|
Pitching: RHP Alejandro Arteaga
|
|
Batting: RHB José Herrera
|
0-0: Foul Ball, location: 2F 0-1: Foul Ball, location: 2F 0-2: Ball 1-2: Fly out, F8 (Flyball, 8RS)
|
Pinch Hitting: SHB Wayne Saunders
|
0-0: SOLO HOME RUN (Line Drive, 9D), Distance : 352 ft
|
Batting: LHB Valentín Salas
|
0-0: Ball 1-0: Foul Ball, location: 2F 1-1: Foul Ball, location: 2F 1-2: Foul Ball, location: 2F 1-2: Ball 2-2: Ball 3-2: Foul Ball, location: 2F 3-2: Base on Balls
|
Pinch Hitting: SHB Carlton Reed
|
0-0: Ball 1-0: Called Strike 1-1: Ground out U3 (Groundball, 3) Valentín Salas to second
|
Pinch Hitting: LHB Kevin Montgomery
|
0-0: Ball 1-0: Fly out, F5 (Popup, 5F)
|
Bottom of the 9th over - 1 run(s), 1 hit(s), 0 error(s), 1 left on base; Mercer Island 4 - Richland 4 |
TOP OF THE 10TH |
Mercer Island Screaming Eagles batting - Pitching for Richland Rails : RHP Powell Horne
|
Now at 1B: Wayne Saunders
|
|
Now in LF: Kevin Montgomery
|
|
Batting: RHB Luis Antonio Hernández
|
0-0: Ball
|
Now in CF: Carlton Reed
|
1-0: Foul Ball, location: 2F 1-1: Swinging Strike 1-2: Strikes out swinging
|
Batting: LHB Nelson Plasenia
|
0-0: Called Strike 0-1: Ball 1-1: Ball 2-1: Fly out, F6 (Popup, 6MD)
|
Pinch Hitting: LHB Luis Costello
|
0-0: Ball 1-0: Ball 2-0: Called Strike 2-1: Ball 3-1: Foul Ball, location: 2F 3-2: Foul Ball, location: 2F 3-2: Base on Balls
|
Pinch Hitting: SHB Jon Jenkins
|
0-0: Called Strike 0-1: Ball 1-1: Swinging Strike 1-2: Foul Ball, location: 2F 1-2: Ball 2-2: Foul Ball, location: 2F 2-2: Ball 3-2: Foul Ball, location: 2F 3-2: Base on Balls Luis Costello to second
|
Batting: RHB P.J. O'Keefe
|
0-0: SINGLE (Line Drive, 8RS) Luis Costello to third Jon Jenkins to second
|
Batting: RHB Luis Jiménez
|
0-0: Ball 1-0: Called Strike 1-1: Ball 2-1: Foul Ball, location: 2F 2-2: Ground out 5-3 (Groundball, 5S)
|
Top of the 10th over - 0 run(s), 1 hit(s), 0 error(s), 3 left on base; Mercer Island 4 - Richland 4 |
BOTTOM OF THE 10TH |
Richland Rails batting - Pitching for Mercer Island Screaming Eagles : RHP Alejandro Arteaga
|
Now at C: Vincente Flores
|
|
Now at 1B: Luis Costello
|
|
Batting: RHB Jack Davis
|
0-0: Swinging Strike 0-1: Foul Ball, location: 2F 0-2: Strikes out swinging
|
Batting: RHB Miguel Vidro
|
0-0: Ground out 4-3 (Groundball, 4M)
|
Batting: RHB Gustavo Berrios
|
0-0: Ball 1-0: Reached on error, E5 (Groundball, 56)
|
Pinch Runner at 1st Ramón Cruz:
|
|
Batting: RHB Alexis Smeddon
|
0-0: Called Strike 0-1: Fly out, F8 (Flyball, 8LM)
|
Bottom of the 10th over - 0 run(s), 0 hit(s), 1 error(s), 1 left on base; Mercer Island 4 - Richland 4 |
TOP OF THE 11TH |
Mercer Island Screaming Eagles batting - Pitching for Richland Rails : RHP Powell Horne
|
Pitching: LHP Daniel León
|
|
Now in LF: Ramón Cruz
|
|
Batting: SHB Stephen Yates
|
0-0: Ball 1-0: Ball 2-0: Ball 3-0: Base on Balls
|
Batting: LHB Mike Russell
|
0-0: Sac Bunt - play at second, runner OUT! 1-6
|
Batting: RHB Luis Rodríguez
|
0-0: Called Strike 0-1: Ball 1-1: Ball 2-1: Called Strike 2-2: Foul Ball, location: 2F 2-2: Ball 3-2: Foul Ball, location: 2F 3-2: Foul Ball, location: 2F 3-2: Strikes out looking
|
Batting: RHB Luis Antonio Hernández
|
0-0: Called Strike 0-1: Fly out, F9 (Flyball, 9LM)
|
Top of the 11th over - 0 run(s), 0 hit(s), 0 error(s), 1 left on base; Mercer Island 4 - Richland 4 |
BOTTOM OF THE 11TH |
Richland Rails batting - Pitching for Mercer Island Screaming Eagles : RHP Alejandro Arteaga
|
Batting: RHB José Herrera
|
0-0: Called Strike 0-1: Ball 1-1: Ball 2-1: Fly out, F8 (Flyball, 8RD)
|
Batting: SHB Wayne Saunders
|
0-0: Ball 1-0: Called Strike 1-1: Called Strike 1-2: Ground out 4-3 (Groundball, 34)
|
Batting: LHB Valentín Salas
|
0-0: Ball 1-0: Fly out, F7 (Flyball, 7M)
|
Bottom of the 11th over - 0 run(s), 0 hit(s), 0 error(s), 0 left on base; Mercer Island 4 - Richland 4 |
TOP OF THE 12TH |
Mercer Island Screaming Eagles batting - Pitching for Richland Rails : LHP Daniel León
|
Pinch Hitting: SHB Mauro López
|
0-0: Swinging Strike 0-1: Ball 1-1: Foul Ball, location: 2F 1-2: Ball 2-2: Strikes out swinging
|
Pinch Hitting: SHB Colm Neal
|
0-0: Called Strike 0-1: SINGLE (Groundball, 56)
|
Batting: RHB Vincente Flores
|
0-0: Ball 1-0: Called Strike 1-1: Ball 2-1: Foul Ball, location: 2F 2-2: Ball 3-2: DOUBLE (Line Drive, 8LXD) Colm Neal to third Runner from 3rd tries for Home, throw and OUT!
|
Batting: RHB P.J. O'Keefe
|
0-0: Ball 1-0: Ball 2-0: Ball 3-0: Base on Balls
|
Batting: RHB Luis Jiménez
|
0-0: Called Strike 0-1: Ball 1-1: Foul Ball, location: 2F 1-2: Ball 2-2: Ball 3-2: Strikes out looking
|
Top of the 12th over - 0 run(s), 2 hit(s), 0 error(s), 2 left on base; Mercer Island 4 - Richland 4 |
BOTTOM OF THE 12TH |
Richland Rails batting - Pitching for Mercer Island Screaming Eagles : RHP Alejandro Arteaga
|
Now at 1B: Colm Neal
|
|
Batting: SHB Carlton Reed
|
0-0: Ball 1-0: Ball 2-0: Ball 3-0: Base on Balls
|
Pinch Runner at 1st César López:
|
|
Batting: LHB Kevin Montgomery
|
0-0: Called Strike 0-1: Sac Bunt - play at first, batter OUT! 2-3 César López to second
|
Batting: RHB Jack Davis
|
0-0: Called Strike 0-1: Fly out, F8 (Flyball, 8RM)
|
Batting: RHB Miguel Vidro
|
0-0: Ball 1-0: Fly out, F7 (Flyball, 7LMF)
|
Bottom of the 12th over - 0 run(s), 0 hit(s), 0 error(s), 1 left on base; Mercer Island 4 - Richland 4 |
TOP OF THE 13TH |
Mercer Island Screaming Eagles batting - Pitching for Richland Rails : LHP Daniel León
|
Pitching: RHP Tim Gordon
|
|
Now in CF: César López
|
|
Batting: SHB Stephen Yates
|
0-0: Ball 1-0: Ball 2-0: Called Strike 2-1: Ball 3-1: Base on Balls
|
Batting: LHB Mike Russell
|
0-0: Sac Bunt - play at second, runner OUT! 1-6
|
Batting: RHB Luis Rodríguez
|
0-0: Foul Ball, location: 2F 0-1: Fielders Choice at 2nd, 1-4 (Groundball, 13S)
|
Batting: RHB Luis Antonio Hernández
|
0-0: Ball 1-0: Called Strike 1-1: Ball Wild Pitch! Luis Rodríguez to second 2-1: Called Strike 2-2: Foul Ball, location: 2F 2-2: Foul Ball, location: 2F 2-2: Ball 3-2: Base on Balls
|
Batting: SHB Mauro López
|
0-0: Called Strike 0-1: Ball 1-1: Ball 2-1: Ball 3-1: Swinging Strike 3-2: Foul Ball, location: 2F 3-2: Foul Ball, location: 2F 3-2: SINGLE (Groundball, 34D) Luis Rodríguez to third Luis Antonio Hernández to second Luis Rodríguez scores Luis Antonio Hernández to third
|
Batting: SHB Colm Neal
|
0-0: Foul Ball, location: 2F 0-1: Foul Ball, location: 2F 0-2: Ball 1-2: Ball 2-2: Ground out 6-3 (Groundball, 6)
|
Top of the 13th over - 1 run(s), 1 hit(s), 0 error(s), 2 left on base; Mercer Island 5 - Richland 4 |
BOTTOM OF THE 13TH |
Richland Rails batting - Pitching for Mercer Island Screaming Eagles : RHP Alejandro Arteaga
|
Batting: RHB Ramón Cruz
|
0-0: Ball 1-0: Called Strike 1-1: Called Strike 1-2: Strikes out looking
|
Batting: RHB Alexis Smeddon
|
0-0: Called Strike 0-1: Foul Ball, location: 2F 0-2: Ball 1-2: Ball 2-2: Foul Ball, location: 2F 2-2: SINGLE (Line Drive, 9S)
|
Pitching: RHP Adrian David
|
|
Batting: RHB José Herrera
|
0-0: Ball 1-0: SINGLE (Flyball, 8LS) Alexis Smeddon to second Runner from 2nd tries for 3rd, OUT!
|
Pinch Runner at 1st Bernardo Cruz:
|
|
Batting: SHB Wayne Saunders
|
0-0: Ball 1-0: Ball 2-0: Foul Ball, location: 2F 2-1: Ball 3-1: Base on Balls Bernardo Cruz to second
|
Batting: LHB Valentín Salas
|
0-0: Called Strike 0-1: Foul Ball, location: 2F 0-2: Hit by Pitch Bernardo Cruz to third Wayne Saunders to second
|
Pinch Hitting: RHB Jimmy DeWitt
|
0-0: Ball 1-0: Swinging Strike 1-1: Ball 2-1: Ball 3-1: Foul Ball, location: 2F 3-2: Fly out, F9 (Flyball, 9S)
|
Bottom of the 13th over - 0 run(s), 2 hit(s), 0 error(s), 3 left on base; Mercer Island 5 - Richland 4 |
|